 Dungeon Crawl Stone Soup version 0.27-a0-1140-g099f9bb0e8 (webtiles) character file.

Game seed: 14231567198605786549

2442 leviel the Cleaver (level 9, 0/82 HPs)
             Began as a Minotaur Fighter on May 9, 2021.
             Slain by a killer bee (2 damage)
             ... on level 7 of the Dungeon.
             The game lasted 00:09:14 (9165 turns).

leviel the Cleaver (Minotaur Fighter)               Turns: 9165, Time: 00:09:14

Health: 0/82       AC: 12    Str: 24    XL:     9   Next: 25%
Magic:  8/8        EV: 11    Int:  5    God:
Gold:   307        SH:  9    Dex: 10    Spells: 8/8 levels left

rFire    . . .     SeeInvis .   a - +0 war axe
rCold    . . .     Faith    .   c - +0 kite shield
rNeg     . . .     Spirit   .   b - +1 scale mail
rPois    .         Reflect  .   (helmet restricted)
rElec    .         Harm     .   q - +0 cloak
rCorr    .         Rampage  .   t - +0 pair of gloves
Will     .....                  (no boots)
Stlth    ..........             (no amulet)
HPRegen  0.23/turn              h - +4 ring of evasion
MPRegen  0.11/turn              (no ring)

@: very slightly contaminated
A: horns 2, retaliatory headbutt, mutation resistance 1
a: no special abilities


You were on level 7 of the Dungeon.
You visited 2 branches of the dungeon, and saw 8 of its levels.

You collected 307 gold pieces.

Inventory:

Hand Weapons
 a - a +0 war axe (weapon)
Missiles
 r - 2 throwing nets (quivered)
Armour
 b - a +1 scale mail (worn)
 c - a +0 kite shield (worn)
 q - a +0 cloak (worn)
 t - a +0 pair of gloves (worn)
Jewellery
 h - a +4 ring of evasion (left hand)
 o - a ring of flight
 p - a ring of see invisible
Wands
 g - a wand of paralysis (18)
 w - a wand of polymorph (10)
Scrolls
 e - 2 scrolls of magic mapping
 i - 2 scrolls of teleportation
 u - 2 scrolls of identify
Potions
 d - a potion of might
 j - a potion of invisibility
 k - a potion of attraction
 l - 2 potions of magic
 m - a potion of resistance
 n - a potion of haste
 v - a potion of curing


   Skills:
 + Level 8.3 Fighting
 * Level 10.7 Axes
 + Level 8.3 Armour
 - Level 3.6 Shields


You had 8 spell levels left.
You didn't know any spells.
Your spell library was empty.

Dungeon Overview and Level Annotations

Branches:
Dungeon (7/15)             Temple (1/1) D:6

Altars:
Ashenzari
Dithmenos
Elyvilon
Fedhas
Gozag
Kikubaaqudgha
Makhleb
Nemelex Xobeh
Qazlal
Sif Muna
Uskayaw
Vehumet
Xom
Yredelemnul
Zin

Shops:
D:6 (

Annotations:
D:7 Dowan


Innate Abilities, Weirdness & Mutations

You have a pair of horns on your head.
You reflexively headbutt those who attack you in melee.
You are somewhat resistant to further mutation.


Message History

The orc wizard shouts!
The killer bee buzzes angrily.
You hear a shout!
The orc wizard hits you with a +0 dagger.
* * * LOW HITPOINT WARNING * * *
You hear a shout!
The killer bee is pulled toward you!
You barely miss the killer bee. You closely miss the orc wizard.
You block the killer bee's attack.
The killer bee stings you but does no damage.
The orc wizard casts a spell at you.
You easily resist.
You closely miss the killer bee. You hit the orc wizard.
You kill the orc wizard!
You start to feel less resistant.
You block the killer bee's attack. The killer bee completely misses you.
You strike the helpless killer bee from behind!
You slice the killer bee!!
You kill the killer bee!
You cannot move.
You start resting.
You feel less wooden.
Your +0 cloak unmelds from your body.
Your +0 pair of gloves unmelds from your body.
Your +1 scale mail unmelds from your body.
You flicker back into view.
A killer bee comes into view.
The killer bee is pulled toward you!
You miss the killer bee.
A killer bee comes into view.
You block the killer bee's attack.
A killer bee comes into view.
The killer bee stings you but does no damage.
The killer bee stings you.
* * * LOW HITPOINT WARNING * * *
A killer bee comes into view.
The killer bee is pulled toward you! x3; You feel less attractive to monsters.
Your resistance to elements expires.
The killer bee buzzes angrily. x3; You hear a shout!
A killer bee comes into view.
The killer bee stings you.
You die...

#############
#......$.....
#.....<......
#............
#.[..........
#....@..#
#...yy..#
##..y...#
#.)......#
#..y.....#
#........#
#y......##
#.#######
#######.ยงยงยง...#


You could see 5 killer bees.

Vanquished Creatures
  Grinder (D:3)
  Sigmund (D:3)
  An acid dragon (D:7)
  A sky beast (D:5)
  An orc warrior (D:6)
  2 wolves (D:6)
  2 ogres
  A phantom (D:4)
  A gnoll sergeant (D:6)
  2 scorpions (D:6)
  A killer bee (D:7)
  5 wights (D:6)
  A howler monkey (D:7)
  A bullfrog zombie (D:6)
  5 hounds (D:6)
  4 orc priests
  A centaur skeleton (D:6)
  An iguana (D:5)
  6 orc wizards
  Robin (D:2)
  2 howler monkey zombies
  16 gnolls
  8 adders
  3 river rats (D:5)
  3 worms (D:2)
  4 dart slugs
  11 orcs
  8 bats
  7 endoplasms
  4 giant cockroaches
  15 goblins
  7 hobgoblins
  13 jackals
  6 quokkas
  5 ball pythons
  2 frilled lizards
  11 kobolds
  10 rats
174 creatures vanquished.

Vanquished Creatures (others)
  44 plants (D:5)
44 creatures vanquished.

Grand Total: 218 creatures vanquished

Notes
Turn   | Place    | Note
-------+----------+-------------------------------------------
     0 | D:1      | leviel the Minotaur Fighter began the quest for the Orb.
     0 | D:1      | Reached XP level 1. HP: 19/19 MP: 0/0
    53 | D:1      | Reached XP level 2. HP: 27/27 MP: 1/1
    60 | D:1      | Reached skill level 3 in Axes
   432 | D:1      | Found a faded altar of an unknown god.
   467 | D:1      | Reached XP level 3. HP: 30/33 MP: 2/2
  1235 | D:2      | Reached skill level 4 in Axes
  1641 | D:2      | Reached XP level 4. HP: 41/41 MP: 3/3
  2407 | D:2      | Noticed Robin
  2419 | D:2      | Killed Robin
  2540 | D:3      | Noticed Grinder
  2552 | D:3      | HP: 2/41 [Grinder/nerve-wracking pain (7)]
  2553 | D:3      | Killed Grinder
  2554 | D:3      | Reached skill level 5 in Fighting
  2554 | D:3      | Reached skill level 5 in Axes
  2554 | D:3      | Reached skill level 5 in Armour
  2554 | D:3      | Reached XP level 5. HP: 3/48 MP: 4/4
  2554 | D:3      | Reached XP level 6. HP: 3/56 MP: 5/5
  2958 | D:3      | Reached skill level 6 in Axes
  3076 | D:3      | Found an ancient bone altar of Kikubaaqudgha.
  3296 | D:3      | Noticed Sigmund
  3308 | D:3      | Killed Sigmund
  3309 | D:3      | Reached XP level 7. HP: 50/62 MP: 6/6
  3838 | D:4      | Reached skill level 7 in Axes
  4670 | D:5      | Entered Level 5 of the Dungeon
  5014 | D:5      | HP: 3/63 [poisoned by an orc wizard]
  5887 | D:5      | Gained mutation: You are somewhat resistant to further
                  | mutation. [potion of mutation]
  6027 | D:5      | Reached skill level 8 in Axes
  6600 | D:5      | Reached XP level 8. HP: 71/71 MP: 7/7
  7009 | D:6      | Found a staircase to the Ecumenical Temple.
  7034 | Temple   | Entered the Ecumenical Temple
  7641 | D:6      | Reached skill level 9 in Axes
  8532 | D:6      | Reached skill level 10 in Axes
  8751 | D:6      | Found Wyic's Antique Weapon Emporium.
  8767 | D:6      | Reached XP level 9. HP: 81/81 MP: 8/8
  9124 | D:7      | HP: 4/81 [acid dragon (3)]
  9129 | D:7      | Noticed Dowan
  9147 | D:7      | HP: 5/121 [acid dragon (5)]
  9164 | D:7      | HP: 2/82 [killer bee (4)]
  9165 | D:7      | Slain by a killer bee

Illustrated notes

Levels and vault maps discovered:
D:1:      lightli_arrival_chessboard, layout_loops_ring,
          shapermc_ecumenical_altar_gd
D:2:      minmay_razor_zed, layout_loops_corners, uniq_robin
D:3:      layout_rooms, kiku_gazebo_garden_becter, uniq_grinder, uniq_sigmund
D:4:      layout_basic, portal_sewer_entry_f, grunt_decor_one_mirror
D:5:      wad_woods_settlement, layout_basic, chequers_serial_rivers_micro_a
D:6:      kennysheep_six_static_rooms, layout_cave_pools,
          minmay_temple_entry_slanted, serial_gnoll_camp,
          gnoll_camp_mini_doghouse, gnoll_camp_mini_doghouse,
          gnoll_camp_mini_house, gnoll_camp_mini_doghouse, gnoll_camp_mini_shop
D:7:      layout_gridville, uniq_duvessa
Temple:   minmay_temple_curvy_branch

Skill      XL: |  1  2  3  4  5  6  7  8  9 |
---------------+----------------------------+-----
Axes           | 3 4 5 6 8 10 | 10.7
Fighting       | 4 5 6 7 8 |  8.3
Armour         | 4 5 6 7 8 |  8.3
Shields        | |  3.6

Action                   |  1- 3 |  4- 6 |  7- 9 || total
-------------------------+-------+-------+-------++-------
Melee: War axe           |   102 |    86 |   292 ||   480
       Headbutt          |     9 |    14 |    40 ||    63
  Use: Potion            |       |     1 |    10 ||    11
       Scroll            |       |       |    14 ||    14
 Stab: Invisible         |       |       |     4 ||     4
Armor: Scale mail        |    48 |    38 |   103 ||   189
       Skin              |       |       |    14 ||    14
Dodge: Dodged            |    39 |    27 |   121 ||   187
Block: Kite shield       |    58 |    42 |   160 ||   260

Table legend: (Time is in decaauts)
 A = Elapsed time spent in this place.
 B = Non-inter-level travel time spent in this place.
 C = Inter-level travel time spent in this place.
 D = Time resting spent in this place.
 E = Time spent auto-exploring this place.
 F = Levels seen in this place.
 G = Mean time per level.
                   A        B        C        D        E       F      G
               +--------+--------+--------+--------+--------+-----+--------+
         Total |   9335 |   9087 |    248 |   1835 |   6076 |   8 | 1166.9 |
       Dungeon |   9084 |   8841 |    243 |   1835 |   5830 |   7 | 1297.7 |
        Temple |    251 |    246 |      5 |      0 |    246 |   1 |  251.0 |
               +--------+--------+--------+--------+--------+-----+--------+

Top non-repeatable levels by time:
     D:5: 2337 daAuts
     D:2: 2033 daAuts
     D:6: 1887 daAuts
     D:4: 1107 daAuts
     D:1: 976 daAuts
     D:3: 676 daAuts
  Temple: 251 daAuts
     D:7: 65 daAuts
